 Dungeon Crawl Stone Soup version 0.31-a0-832-g3a2c1c66ba (webtiles) character file.

Game seed: 16746015030574665677

103 Ivernyr the Changeling (level 4, 0/23 HPs)
             Began as a Vine Stalker Shapeshifter on Sept 25, 2023.
             Slain by Crazy Yiuf
             ... wielding a +2 quarterstaff of chaos
              (8 damage)
             ... on level 2 of the Dungeon.
             The game lasted 00:02:31 (1438 turns).

Ivernyr the Changeling (Vine Stalker Shapeshifter)  Turns: 1438, Time: 00:02:32

Health: 0/23       AC:  2    Str: 18    XL:     4   Next: 79%
Magic:  0/5        EV: 12    Int: 10    God:
Gold:   117        SH:  0    Dex: 14    Spells: 3/3 levels left

rFire   . .          .
                       - Unarmed
rCold   . . .        (no shield)
rNeg    . . .        a - +0 animal skin
rPois   .            (helmet currently unavailable)
rElec   .            (cloak currently unavailable)
rCorr   .            (gloves currently unavailable)
SInv    .            (boots currently unavailable)
Will    .....        (no amulet)
Stlth   +            (no ring)
HPRegen 1.03/turn    (no ring)
MPRegen 0.09/turn

%: guardian spirit
@: beast-form
A: beast (slay +2), fangs 2, regeneration 1, magic shield, antimagic bite, no
potion heal 2
a: Begin Untransformation


You were on level 2 of the Dungeon.
You were a hulking beast.
You visited 1 branch of the dungeon, and saw 2 of its levels.

You collected 117 gold pieces.

Inventory:

Armour
 a - a +0 animal skin (worn)
 q - the +0 helmet "Lujyol" {Dex+3}
   (You found it on level 2 of the Dungeon)

   Dex+3:     It affects your dexterity (+3).
Talismans
 c - a beast talisman (active)
 d - a flux talisman
Wands
 l - a wand of digging (5)
 s - a wand of iceblast (5)
Scrolls
 f - 2 scrolls of blinking {unknown}
 g - a scroll of silence {unknown}
 h - 2 scrolls of teleportation {unknown}
 i - 2 scrolls of identify {unknown}
 k - 2 scrolls of noise {unknown}
 n - a scroll of revelation {unknown}
 o - 2 scrolls of poison {unknown}
 p - a scroll of immolation {unknown}
 r - a scroll of enchant weapon {unknown}
Potions
 b - a potion of lignification
 e - 2 potions of resistance {unknown}
 j - 3 potions of curing {unknown}
 m - 3 potions of heal wounds {unknown}


   Skills:
 + Level 1.8 Fighting
 + Level 2.2 Dodging
 + Level 3.5 Unarmed Combat
 * Level 3.9 Shapeshifting


You had 3 spell levels left.
You didn't know any spells.
Your spell library contained the following spells:

 Spells                   Type           Power      Damage    Failure   Level
 Lesser Beckoning         Tloc           0%         N/A       50%         2
 Gell's Gravitas          Tloc           0%         N/A       75%         3
 Teleport Other           Tloc           0%         N/A       75%         3
 Alistair's Intoxication  Tmut/Pois      0%         N/A       100%        5
 Borgnjor's Vile Clutch   Necr/Erth      0%         N/A       100%        5
 Eringya's Noxious Bog    Tmut/Pois      0%         4d6       100%        6


Dungeon Overview and Level Annotations

Branches:
Dungeon (2/15)

Altars:

Annotations:
D:2 Crazy Yiuf


Innate Abilities, Weirdness & Mutations

You are a hulking beast.
Your limbs bulge with bestial killing power. (Slay +2)
You have extremely sharp teeth.
Your natural rate of healing is unusually fast.
When hurt, damage is shared between your health and your magic reserves.
Your bite disrupts and absorbs the magic of your enemies.
Potions cannot restore your health.


Message History

The adder closely misses you.
You hit the adder.
The adder is moderately wounded.
You feel sick. The adder barely misses you.
You hit the adder. You bite the adder. You drain its power.
You feel invigorated.
The adder is severely wounded.
You feel sick. The adder barely misses you.
You hit the adder.
You kill the adder!
You feel sick.
You hit the goblin.
You kill the goblin!
You feel sick.
You feel sick.
You are no longer poisoned.
Things that are here:
a +0 club; a goblin corpse
There is an open door here.
m - 3 smoky emerald potions (gained 1)
You open the door.
There is an open door here.
There is a stone staircase leading down here.
There is an open door here.
You open the door.
Crazy Yiuf says, "Adder sing-song song!"
You hit Crazy Yiuf but do no damage.
Crazy Yiuf hits you with a +2 quarterstaff of chaos!
Space warps horribly around you!
Ouch! That really hurt!
* * * LOW HITPOINT WARNING * * *
You hit Crazy Yiuf. You bite Crazy Yiuf, but do no damage.
Crazy Yiuf is moderately wounded.
You hit Crazy Yiuf. Your bite misses Crazy Yiuf.
Crazy Yiuf is heavily wounded.
Crazy Yiuf closely misses you.
You hit Crazy Yiuf.
Crazy Yiuf is almost dead.
Crazy Yiuf hits you with a +2 quarterstaff of chaos!
You die...

#.### #...#
#.#.# #.#.#
##### #.#.#
#)..# #.#.#
#...# #.#.#
#### ...
#.#.# #..#
#g# #.#.#
#.## #h##
###.#.# #.#
##.# ..#.#.#
#.# #.##
#.#.#.# #.#
##.# #.#.#.#
#.# ##.##
#.#.#.###.#
##...#
#'#.#.....##
#....#
.......>...#
#....#
..^.###.####
#....##


You could see Crazy Yiuf.

Vanquished Creatures
  5 adders (D:2)
  4 worms (D:2)
  5 bats (D:2)
  4 endoplasms (D:2)
  4 giant cockroaches
  6 goblins
  2 hobgoblins (D:2)
  2 kobolds (D:1)
  5 quokkas
  5 ball pythons
  2 frilled lizards
  2 rats
46 creatures vanquished.

Notes
Turn   | Place    | Note
-------+----------+-------------------------------------------
     0 | D:1      | Ivernyr the Vine Stalker Shapeshifter began the quest for
                  | the Orb.
     0 | D:1      | Reached XP level 1. HP: 9/9 MP: 2/2
    60 | D:1      | Reached skill level 1 in Fighting
   284 | D:1      | Reached XP level 2. HP: 9/14 MP: 0/3
   643 | D:2      | Reached XP level 3. HP: 18/18 MP: 4/4
   877 | D:2      | Reached XP level 4. HP: 22/22 MP: 5/5
   892 | D:2      | Identified the +0 helmet "Lujyol" {Dex+3}
  1236 | D:2      | Found a runed translucent door.
  1237 | D:2      | Noticed Crazy Yiuf
  1438 | D:2      | Slain by Crazy Yiuf

Illustrated notes

Levels and vault maps discovered:
D:1:      roderic_chinese_lattice_arrival, layout_basic
D:2:      minmay_chambers_of_twos, layout_basic, nrook_mini_backslash,
          minmay_pentomino_z2, uniq_crazy_yiuf_cottage

Skill      XL: |  1  2  3 |
---------------+----------+-----
Fighting       | 1 |  1.8
Dodging        | 2 |  2.2
Unarmed Combat | |  3.5
Shapeshifting  | |  3.9

Action                     |  1- 3 |  4- 6 || total
---------------------------+-------+-------++-------
  Melee: Unarmed           |    83 |    49 ||   132
         Bite              |    15 |     8 ||    23
         Punch             |     1 |     1 ||     2
   Stab: Sleeping          |     1 |     1 ||     2
 Armour: Animal skin       |    55 |    19 ||    74
  Dodge: Dodged            |    63 |    30 ||    93

Table legend: (Time is in decaauts)
 A = Elapsed time spent in this place.
 B = Non-inter-level travel time spent in this place.
 C = Inter-level travel time spent in this place.
 D = Time resting spent in this place.
 E = Time spent auto-exploring this place.
 F = Levels seen in this place.
 G = Mean time per level.
                   A        B        C        D        E       F      G
               +--------+--------+--------+--------+--------+-----+--------+
         Total |   1428 |   1402 |     26 |      0 |   1071 |   2 |  714.0 |
       Dungeon |   1428 |   1402 |     26 |      0 |   1071 |   2 |  714.0 |
               +--------+--------+--------+--------+--------+-----+--------+

Top non-repeatable levels by time:
     D:2: 849 daAuts
     D:1: 579 daAuts
